 Dungeon Crawl Stone Soup version 0.29.0-7-g18a832c13a (webtiles) character file.

Game seed: 9986281405121271746

37 Gabide the Trooper (level 3, -2/29 HPs)
             Began as a Mummy Berserker on Aug 31, 2022.
             Was a Follower of Trog.
             Killed from afar by Sigmund (12 damage)
             ... with a puff of flame
             ... on level 2 of the Dungeon.
             The game lasted 00:03:11 (1658 turns).

Gabide the Trooper (Mummy Berserker)                Turns: 1658, Time: 00:03:12

Health: -2/29      AC:  5    Str: 22    XL:     3   Next: 23%
Magic:  3/3        EV: 11    Int:  6    God:    Trog [*.....]
Gold:   69         SH:  0    Dex: 11    Spells: 2/2 levels left

rFire   x . .      SeeInvis .     - Unarmed
rCold   + . .      Faith    .   (no shield)
rNeg    + + +      Spirit   .   d - +0 ring mail
rPois   ∞          Reflect  .   (no helmet)
rElec   .          Harm     .   (no cloak)
rCorr   .          Rampage  .   (no gloves)
Will    .....                   (no boots)
Stlth   +.........              (no amulet)
HPRegen 0.09/turn               (no ring)
MPRegen 0.08/turn               (no ring)

@: no status effects
A: cold resistance 1, negative energy resistance 3, torment resistance 2, heat
vulnerability 1, in touch with death 1, no potions
a: Renounce Religion


You were on level 2 of the Dungeon.
You worshipped Trog.
Trog was aware of your devotion.
You visited 1 branch of the dungeon, and saw 2 of its levels.

You collected 69 gold pieces.

Inventory:

Armour
 d - a +0 ring mail (worn)
Scrolls
 c - a scroll of enchant armour {unknown}
 e - a scroll of teleportation {unknown}


   Skills:
 + Level 3.4 Fighting
 - Level 1.5 Armour
 + Level 1.8 Dodging
 + Level 3.1 Unarmed Combat


You had 2 spell levels left.
You didn't know any spells.
Your spell library was empty.

Dungeon Overview and Level Annotations

Branches:
Dungeon (2/15)

Altars:

Annotations:
D:2 Sigmund


Innate Abilities, Weirdness & Mutations

You are immune to poison.
Your flesh is cold resistant. (rC+)
You are immune to negative energy. (rN+++)
You are immune to unholy pain and torment.
You are vulnerable to heat. (rF-)
You are in touch with the powers of death.
You do not drink.


Message History

Sigmund hits you with a +0 scythe.
You barely miss Sigmund.
Sigmund is heavily wounded.
You hit Sigmund.
Sigmund is severely wounded.
Sigmund hits you with a +0 scythe!
You are too injured to fight recklessly!
Sigmund is nearby!
You are too injured to fight recklessly!
Okay, then.
Unknown command.
You can't drink.
You aren't carrying any items that you can evoke.
Blink to where?
Press: ? - help, Dir - move target
Found a scroll labelled KEDUH SEYMOD.
As you read the scroll labelled TAFUIMUMEU, it crumbles to dust.
It was a scroll of blinking.
As you read the scroll labelled MUMOYR RE WIY, it crumbles to dust.
Wisps of shadow whirl around you...
It was a scroll of summoning.
Sigmund mumbles some strange words.
Sigmund flickers and vanishes!
Deactivating autopickup; reactivate with Ctrl-A.
Press: ? - help, v - describe, . - travel
Here: a ball python (summoned, friendly)
The floor.
Unknown command.
Unknown command.
Unknown command.
Unknown command.
What are your orders? t - Shout!
Orders for allies: a - Attack new target. r - Retreat! s - Stop attacking. g - Guard the area. f - Follow me.
Anything else - Cancel.
Follow me!
A puff of flame appears from out of thin air!
The puff of flame hits you! The fire burns you terribly!
You die...

#.###.#...##..............
#..##........########....#.##.
#.....{.).......### #...>.!##.
#.........#.###.#. ##......##.
...........>... .............#.
####.#.###.#####.#.###.......#.
#.#. #.........###......... #
#. #.##.................. #.
#.##S@..# ##.........
........w........ .....
##...#......... .##. ....
.......... ..... ...
.#.#....?.# #..#. .. ....
....... ## . .. .. .......
##..#. ..#.... .. ##


You could see a friendly dart slug (summoned) and a friendly ball python
(summoned).

Vanquished Creatures
  A dart slug (D:1)
  2 giant cockroaches
  4 goblins
  3 hobgoblins (D:1)
  14 jackals
  A bat (D:2)
  A frilled lizard (D:1)
  A kobold (D:1)
  2 rats (D:1)
29 creatures vanquished.

Vanquished Creatures (others)
  2 plants (D:1)
2 creatures vanquished.

Grand Total: 31 creatures vanquished

Notes
Turn   | Place    | Note
-------+----------+-------------------------------------------
     0 | D:1      | Gabide the Mummy Berserker began the quest for the Orb.
     0 | D:1      | Reached XP level 1. HP: 18/18 MP: 1/1
   291 | D:1      | Reached XP level 2. HP: 24/24 MP: 2/2
  1313 | D:1      | Found a faded altar of an unknown god.
  1488 | D:2      | Gained mutation: You are in touch with the powers of death.
                  | [Mummy growth]
  1488 | D:2      | Reached XP level 3. HP: 29/29 MP: 3/3
  1642 | D:2      | Noticed Sigmund
  1658 | D:2      | Killed from afar by Sigmund

Illustrated notes

Levels and vault maps discovered:
D:1:      dpeg_arrival_short_road, layout_basic,
          shapermc_ecumenical_altar_hornbeckon, serial_bayou_lagoon_b
D:2:      layout_basic, grunt_ministairs_9, minivault_25, nrook_campfire,
          uniq_terence, uniq_sigmund

Skill      XL: |  1  2 |
---------------+-------+-----
Unarmed Combat | 3 |  3.1
Fighting       | |  3.4
Armour         | |  1.5
Dodging        | |  1.8

Action                   || total
-------------------------++-------
Melee: Unarmed           ||   136
       Punch             ||     2
  Use: Scroll            ||     2
 Stab: Sleeping          ||     1
Armor: Animal skin       ||    12
       Ring mail         ||    17
Dodge: Dodged            ||    80
